 Dungeon Crawl Stone Soup version 0.13.0-13-g27bfa31 (webtiles) character file.

111 electropode the Gusty (level 3, 0/21 HPs)
             Began as an Octopode Air Elementalist on Oct 20, 2013.
             Slain by Crazy Yiuf
             ... wielding a +2,+2 quarterstaff of chaos
              (11 damage)
             ... on Level 2 of the Dungeon.
             The game lasted 00:04:16 (722 turns).

electropode the Gusty (Octopode Air Elementalist)    Turns: 722, Time: 00:04:16

HP   0/21        AC  1     Str  7      XL: 3   Next:  2%
MP   0/6         EV 12     Int 17      God:
Gold 87          SH  0     Dex 13      Spells:  2 memorised,  3 levels left

Res.Fire  : . . .   See Invis. : .   j - +1 hand axe
Res.Cold  : . . .   Warding    : .   (no shield)
Life Prot.: . . .   Conserve   : .   (helmet restricted)
Res.Poison: .       Res.Corr.  : .   (no amulet)
Res.Elec. : .       Clarity    : .   (no ring)
Sust.Abil.: . .     Spirit.Shd : .   (no ring)
Res.Mut.  : .       Stasis     : .   (no ring)
Res.Rott. : .       Flight     : .   (no ring)
Saprovore : . . .                    (no ring)
                                     (no ring)
                                     (no ring)
                                     (no ring)

@: very slightly contaminated, not resistant to hostile enchantments, quite
stealthy
A: almost no armour, amphibious, 8 rings, constrict 8, camouflage 1, AC +1
a: no special abilities


You were on level 2 of the Dungeon.
You were not hungry.

You visited 1 branch of the dungeon, and saw 2 of its levels.

You collected 67 gold pieces.

Inventory:

Hand weapons
 j - a +1,+1 hand axe (weapon)
Comestibles
 c - a bread ration
 o - a pear
Scrolls
 d - 4 scrolls of amnesia {unknown}
 f - 5 scrolls of identify {unknown}
 g - 2 scrolls of remove curse {unknown}
 i - 2 scrolls of blinking {unknown}
 n - a scroll of teleportation {unknown}
 p - a scroll of enchant weapon I {unknown}
Jewellery
 e - an uncursed ring of poison resistance {unknown}
Potions
 a - a potion of might {unknown}
 h - a potion of resistance {unknown}
 k - a potion of agility {unknown}
 l - 2 potions of curing {unknown}
 m - a potion of restore abilities {unknown}
Books
 b - a book of Air

   Spells                             Type                      Level
   *Shock                             Conjuration/Air              1
   *Swiftness                         Charms/Air                   2
   Repel Missiles                     Charms/Air                   2
   Flight                             Charms/Air                   3
   Static Discharge                   Conjuration/Air              3
   Lightning Bolt                     Conjuration/Air              5


   Skills:
 - Level 2.0 Dodging
 - Level 2.6 Stealth
 + Level 2.2 Spellcasting
 + Level 1.6 Conjurations
 - Level 3.0 Air Magic


You had 3 spell levels left.
You knew the following spells:

 Your Spells              Type           Power        Failure   Level  Hunger
a - Shock                 Conj/Air       #...         10%         1    #......
b - Swiftness             Chrm/Air       #.........   17%         2    ##.....


Dungeon Overview and Level Annotations

Branches:
Dungeon (2/27)

Altars:

Annotations:
D:2 Crazy Yiuf


Innate Abilities, Weirdness & Mutations

You cannot wear most types of armour.
You are amphibious.
You can wear up to eight rings at the same time.
You can use your tentacles to constrict many enemies at once.
Your skin changes colour to match your surroundings (Stlth).
Your rubbery body absorbs attacks (AC +1).


Message History

Confirm with . or Enter, or press ? or * to list all spells.
Aiming: Shock
Press: ? - help, Shift-Dir - straight line, f/p - Crazy Yiuf
Aim: Crazy Yiuf, wielding a quarterstaff of chaos and wearing a cloak (severely wounded)
The zap hits Crazy Yiuf.
Crazy Yiuf is almost dead.
You feel sluggish.
You see here a goblin corpse.
Crazy Yiuf whimpers, "Tosser!
Fire light song."
Casting: Shock
Confirm with . or Enter, or press ? or * to list all spells.
Aiming: Shock
Press: ? - help, Shift-Dir - straight line, f/p - Crazy Yiuf
Aim: Crazy Yiuf, wielding a quarterstaff of chaos and wearing a cloak (almost dead)
You miscast Shock.
You are very lightly contaminated with residual magic.
Nothing appears to happen.
Crazy Yiuf hits you with a quarterstaff of chaos!
Ouch! That really hurt!
You die...

#............♣
#####..%...#....♣.
#...%.......##♣♣♣♣
#.#...########♣♣♣♣
###.#...# #.. ###
#...#...# #.# #.#
#...##### #.# #.#
#..g# #.# #.#
###@# #.# #.#
#.########.####.##
#..........[......
##########.####.#.
#.####.#.
#........
######.## #.# #.#


You could see Crazy Yiuf.

Vanquished Creatures
  A giant gecko (D:1)
  2 goblins
  5 hobgoblins
  A kobold (D:2)
  A quokka (D:2)
  2 ball pythons (D:1)
  5 bats
  A giant newt (D:1)
  3 rats
21 creatures vanquished.

Notes
Turn   | Place    | Note
--------------------------------------------------------------
     0 | D:1      | electropode, the Octopode Air Elementalist, began the quest for the Orb.
     0 | D:1      | Reached XP level 1. HP: 11/11 MP: 3/3
   249 | D:1      | Reached XP level 2. HP: 13/17 MP: 0/4
   253 | D:1      | Learned a level 2 spell: Swiftness
   642 | D:2      | Reached XP level 3. HP: 21/21 MP: 3/6
   690 | D:2      | Noticed Crazy Yiuf
   722 | D:2      | Slain by Crazy Yiuf

Action                   || total
-------------------------++-------
Melee: Unarmed           ||     9
       Hand axe          ||    28
 Cast: Shock             ||    30
       Swiftness         ||     1
